 Dungeon Crawl Stone Soup version 0.18.1-5-g4a78601 (webtiles) character file.

1039499 inmateoo the Shatterer (level 27, -12/164 HPs)
             Began as a Gargoyle Fighter on May 12, 2016.
             Was the Champion of Cheibriados.
             Killed by dispel undead
             ... invoked by a Tzitzimitl
             ... summoned by a lich
              (71 damage)
             ... on level 4 of the Abyss on May 13, 2016.
             The game lasted 03:09:35 (74582 turns).

inmateoo the Shatterer (Gargoyle Fighter)          Turns: 74582, Time: 03:09:36

Health: -12/164    AC: 61    Str: 48    XL:     27
Magic:  38/46      EV: 28    Int: 37    God:    Cheibriados [******]
Gold:   4932       SH: 33    Dex: 33    Spells: 9 memorised, 27 levels left

rFire  + . .     SeeInvis +     S - +2 eveningstar (flame)
rCold  + + .     Gourm    .     O - +10 plate armour {MR+}
rNeg   + + +     Faith    .     J - +3 large shield {rC+}
rPois  ∞         Spirit   .     (helmet restricted)
rElec  +         Dismiss  .     Y - +0 cloak of Existentialism {Str+4 Int+3} (curse)
rCorr  .         Reflect  .     u - +2 pair of gloves "Puno Soa" {rPois Str+4 Int+3}
SustAt .         Harm     .     A - +0 pair of boots of Niahopp {rPois Dex+3}
MR     +++++                    H - amulet of regeneration
Stlth  ..........               G - ring "Xiraodiy" {rF+ MR+ Int+4}
                                Q - ring "Fiarhim" {rN+ Dex+3 SInv}

@: lich-form, flying, repel missiles, very slow, almost entirely resistant to
hostile enchantments, extremely unstealthy
A: antennae 1, big wings, beak, claws 1, icy blue scales 1, yellow scales 1,
clumsy 1, deformed body, deterioration 1, frail 1, negative energy resistance 1,
sense surroundings 1, regeneration 1, electricity resistance, unbreathing,
petrification resistance, no device heal 2, rot immunity, AC +20
a: Stop Flying, End Transformation, Bend Time, Temporal Distortion, Slouch, Step
From Time, Renounce Religion
}: 9/15 runes: serpentine, barnacled, slimy, silver, demonic, glowing, magical,
fiery, dark


You were on level 4 of the Abyss.
You worshipped Cheibriados.
Cheibriados was exalted by your worship.
You were not hungry.
You were a lich.
You visited 12 branches of the dungeon, and saw 61 of its levels.
You visited Pandemonium 1 time, and saw 29 of its levels.
You visited the Abyss 2 times.

You collected 8680 gold pieces.
You spent 3748 gold pieces at shops.

Inventory:

Hand Weapons
 w - the +8 morningstar "Werhoir" {drain, MR+}
   (You found it in Pandemonium)

   A truly terrible weapon, it drains the life of those it strikes.
   It affects your resistance to hostile enchantments.
 R - a +9 morningstar of holy wrath
 S - a +2 eveningstar of flaming (weapon)
Armour
 l - the +1 gold dragon armour "Ficus" {rPois rF+ rC+ Str+3 Int+4}
   (You found it in Pandemonium)

   It affects your strength (+3).
   It affects your intelligence (+4).
   It protects you from fire.
   It protects you from cold.
   It protects you from poison.
 o - a +2 helmet
 u - the +2 pair of gloves "Puno Soa" (worn) {rPois Str+4 Int+3}
   (You found it on level 2 of the Realm of Zot)

   It affects your strength (+4).
   It affects your intelligence (+3).
   It protects you from poison.
 A - the +0 pair of boots of Niahopp (worn) {rPois Dex+3}
   (You acquired it on level 3 of the Depths)

   It affects your dexterity (+3).
   It protects you from poison.
 J - a +3 large shield of cold resistance (worn)
 O - a +10 plate armour of magic resistance (worn)
 Y - the cursed +0 cloak of Existentialism (worn) {Str+4 Int+3}
   (You found it on level 4 of the Depths)

   It affects your strength (+4).
   It affects your intelligence (+3).
   It has a curse placed upon it.
Jewellery
 i - the ring of Zeolerph {rCorr rN+ Str+5 Int-3}
   (You found it on level 3 of the Elven Halls)

   [ring of resist corrosion]

   It affects your strength (+5).
   It affects your intelligence (-3).
   It protects you from negative energy.
 B - the ring "Tolum" {rPois rF+ Str+5 Int-2}
   (You bought it in a shop on level 2 of the Orcish Mines)

   [ring of intelligence]

   It affects your strength (+5).
   It affects your intelligence (-2).
   It protects you from fire.
   It protects you from poison.
 G - the ring "Xiraodiy" (right hand) {rF+ MR+ Int+4}
   (You found it on level 6 of the Pits of Slime)

   [ring of protection from fire]

   It affects your intelligence (+4).
   It protects you from fire.
   It affects your resistance to hostile enchantments.
 H - an amulet of regeneration (around neck)
 P - the ring of Joska {MR+ AC+3 Str+4}
   (You found it on level 6 of the Pits of Slime)

   [ring of protection]

   It affects your AC (+3).
   It affects your strength (+4).
   It affects your resistance to hostile enchantments.
 Q - the ring "Fiarhim" (left hand) {rN+ Dex+3 SInv}
   (You found it on level 3 of the Crypt)

   [ring of positive energy]

   It affects your dexterity (+3).
   It protects you from negative energy.
   It lets you see invisible.
Wands
 c - a wand of disintegration (4/24)
 n - a wand of teleportation (4/9)
 F - a wand of digging (12/24)
 X - a wand of teleportation (3/9)
 Z - a wand of teleportation (4/9)
Scrolls
 d - 8 scrolls of fog
 e - 19 scrolls of teleportation
 g - 2 scrolls of amnesia
 h - 11 scrolls of recharging
 t - 33 scrolls of remove curse
 y - a scroll of enchant armour
 K - 7 scrolls of identify
 M - a scroll of summoning
 T - 8 scrolls of fear
 V - 8 scrolls of magic mapping
Potions
 b - 4 potions of ambrosia
 p - 5 potions of agility
 r - 21 potions of curing
 v - 5 potions of might
 x - 7 potions of cancellation
 D - 2 potions of cure mutation
 E - 2 potions of resistance
 I - 2 potions of heal wounds
 L - 7 potions of invisibility
 U - 4 potions of magic
 W - 6 potions of brilliance
Miscellaneous
 a - a lamp of fire (inert)
 j - a box of beasts {used: 4}
 q - a phial of floods
 s - the horn of Geryon
 C - a fan of gales
 N - a stone of tremors
Comestibles
 f - 33 bread rations
 k - 43 meat rations


   Skills:
 - Level 21.4 Fighting
 - Level 25.3 Maces & Flails
 + Level 19.2 Armour
 + Level 15.6 Dodging
 - Level 0.5 Stealth
 - Level 22.0 Shields
 + Level 19.6 Spellcasting
 - Level 7.0 Charms
 * Level 18.3 Necromancy
 - Level 6.6 Translocations
 * Level 18.1 Transmutations
 + Level 17.7 Earth Magic
 - Level 10.9 Invocations
 - Level 12.1 Evocations


You had 27 spell levels left.
You knew the following spells:

 Your Spells              Type           Power        Failure   Level  Hunger
a - Apportation           Tloc           ######....   1%          1    N/A
b - Blink                 Tloc           N/A          1%          2    N/A
c - Repel Missiles        Chrm/Air       ######       1%          2    N/A
d - Regeneration          Chrm/Necr      ########..   1%          3    N/A
e - Passwall              Trmt/Erth      ########..   0%          2    N/A
f - Lee's Rapid Deconstr  Erth           ########..   1%          5    N/A
g - Necromutation         Trmt/Necr      ########..   12%         8    N/A
h - Shatter               Erth           ########..   98%         9    N/A
i - Iron Shot             Conj/Erth      #######...   14%         6    N/A

Dungeon Overview and Level Annotations

Branches:
Dungeon (15/15)            Temple (0/1) D:6            Lair (8/8) D:8
 Shoals (4/4) Lair:4        Snake (4/4) Lair:3        Slime (6/6) Lair:7
    Orc (2/2) D:11            Elf (3/3) Orc:2        Vaults (5/5) D:13
  Crypt (3/3) Vaults:3       Tomb (0/3) Crypt:3      Depths (5/5) D:15
   Hell (1/1)                 Dis (0/7) Hell            Geh (0/7) Hell
    Coc (0/7) Hell            Tar (0/7) Hell            Zot (5/5) Depths:5

Altars:
Cheibriados
Dithmenos
Elyvilon
Fedhas
Makhleb
Nemelex Xobeh
Pakellas
Qazlal
Trog
Vehumet
Xom
Yredelemnul
Beogh
Jiyva

Shops:
D:8 *   D:11 *   Orc:2 %:**=   Shoals:1 !   Shoals:2 *   Vaults:2 *
Vaults:5 %

Portals:
Hell: Depths:1 Depths:2 Depths:3 Depths:4 Depths:5
Abyss: Depths:1 Depths:4
Pandemonium: Depths:3 Depths:5
Ziggurat: Depths:1

Annotations:
Depths:4 exclusion: door


Innate Abilities, Weirdness & Mutations

You are resistant to torment.
Your stone body is resilient (AC +20).
You are immune to poison.
Your large and strong wings let you fly indefinitely.
You resist negative energy.
You are resistant to electric shocks.
You can survive without breathing.
You are immune to petrification.
You are immune to rotting.
You have a pair of small antennae on your head.
You have a beak for a mouth.
You have sharp fingernails.
You are partially covered in icy blue scales (AC +1).
You are partially covered in yellow scales (AC +2).
You are clumsy. (Dex -2)
Armour fits poorly on your strangely shaped body.
Your body sometimes deteriorates upon taking damage.
You are frail (-10% HP).
You passively map a small area around you.
Your natural rate of healing is unusually fast.
Potions and wands are poor at restoring your health.


Message History

The Tzitzimitl is heavily wounded.
The phantasmal warrior misses you.
Unknown command.
Unknown command.
You thump the Tzitzimitl! You burn the Tzitzimitl!
The Tzitzimitl is severely wounded.
You block the phantasmal warrior's attack.
You block the Tzitzimitl's attack. x2
The Tzitzimitl engulfs you but does no damage.
Unknown command.
Unknown command.
You bludgeon the Tzitzimitl!! You burn the Tzitzimitl!
You peck the Tzitzimitl, but do no damage.
The Tzitzimitl is almost dead.
The balrug gestures at you. Something smites you!
You block the phantasmal warrior's attack. x2
The Tzitzimitl gestures at you.
You convulse!
You die...

#### ##. #. .
. #.... . ##
## ..# .. . .
.# #.. # #
###.....##. #
.. # ..#... #.
. . .. #
..#..##.#.#..
# ##..#..# ##
.#..
#'#2#L##W§...#
## . ..
#..22L1L.....#
.
#'#2#L##W....#
. # #.....#
.....#
#.##+### .#


You could see an ancient lich (invisible), a Tzitzimitl, 2 liches, 3 balrugs, a
green death and 2 phantasmal warriors.

Vanquished Creatures
  Cerebov (Pan)
  the Royal Jelly (Slime:6)
  Dissolution (Slime:3)
  Gloorx Vloq (Pan)
  Mnoleg (Pan)
  A seraph (Pan)
  3 ancient liches
  An orb of fire (Zot:2)
  A juggernaut (Depths:3)
  12 pandemonium lords (Pan)
  Norris (Vaults:1)
  2 curse toes
  8 golden dragons
  A bone dragon (Crypt:3)
  2 pearl dragons (Pan)
  3 Tzitzimimeh (Pan)
  9 liches
  The ghost of M4edhros the Peltast, an adept OpNe of Cheibriados (Slime:6)
  9 Brimstone Fiends (Pan)
  A hellephant (Hell)
  28 tentacled monstrosities
  Rupert (D:12)
  2 Hell Sentinels (Pan)
  6 titans
  3 Ice Fiends (Pan)
  A quicksilver dragon (Depths:5)
  2 deep elf master archers (Elf:3)
  27 Executioners
  30 acid blobs
  8 sphinxes
  Gastronok (D:12)
  2 ancient champions
  7 shadow dragons
  Polyphemus (Shoals:3)
  2 tentacled starspawn (Abyss:4)
  8 death cobs
  8 tengu reavers
  5 greater nagas
  18 storm dragons
  11 fire giants
  5 draconian monks
  Ilsuiw (Shoals:4)
  Kirke (D:13)
  2 iron dragons
  19 daevas (Pan)
  A revenant (Crypt:2)
  Wiglaf (Depths:2)
  27 azure jellies
  Roxanne (Shoals:3)
  6 draconian knights
  An orc warlord (Orc:2)
  21 balrugs
  The ghost of bananaglory the Warrior, a journeyman DsFi of Pakellas (Orc:2)
  5 deep elf sorcerers
  2 draconian zealots
  4 draconian scorchers
  13 frost giants
  20 vault wardens
  25 cacodemons
  4 curse skulls
  13 ghouls
  18 ironheart preservers
  11 deep elf elementalists
  8 warmongers (Pan)
  4 draconian shifters
  24 very ugly things
  2 spriggan defenders
  39 angels (Pan)
  7 war gargoyles
  23 ophanim
  6 draconian callers
  21 reapers
  9 blood saints (Pan)
  4 draconian annihilators
  9 deep elf demonologists
  11 green draconians
  22 stone giants
  11 vampire knights
  8 chaos champions (Pan)
  7 dire elephants
  62 large abominations
  8 spark wasps
  Azrael (Elf:2)
  5 black draconians
  11 black suns (Pan)
  31 apis (Pan)
  13 lorocyprocas
  11 corrupters (Pan)
  7 deep elf annihilators
  4 purple draconians
  9 white draconians
  3 salamander stormcallers
  12 red draconians
  5 yellow draconians
  5 mottled draconians
  6 deep elf death magi
  17 blizzard demons
  16 ettins
  Snorg (Lair:5)
  13 green deaths (Pan)
  3 crystal guardians (Crypt:3)
  A mummy priest (Hell)
  3 eidola
  15 death oozes
  5 merfolk impalers
  9 merfolk javelineers
  11 jiangshi
  17 yaktaur captains
  A great orb of eyes (shapeshifter) (Depths:3)
  7 entropy weavers
  17 great orbs of eyes
  38 vault guards
  21 fire dragons
  An entropy weaver (shapeshifter) (Depths:2)
  Fannar (Lair:2)
  18 naga warriors
  9 rakshasas
  6 deep elf high priests
  4 spriggan air magi
  18 ice dragons
  2 alligator snapping turtles
  8 hell beasts (Pan)
  11 hydras
  10 anacondas
  14 centaur warriors
  2 quicksilver dragon skeletons (Pan)
  2 merfolk avatars (Shoals:2)
  12 monstrous demonspawn (Pan)
  A catoblepas (Shoals:3)
  Erolcha (D:8)
  6 satyrs
  3 deep troll earth magi
  14 death yaks
  9 vampire magi
  5 merfolk aquamancers
  17 ogre magi
  3 death knights
  37 dancing weapons
  11 deep troll shamans
  A titan zombie (Vaults:5)
  4 hell hogs (Hell)
  7 tengu warriors
  4 thrashing horrors (Abyss:4)
  19 hell knights
  7 orc high priests
  7 spriggan berserkers
  23 deep elf knights
  2 spriggans (Depths:2)
  49 sun demons
  An iron golem (Hell)
  Sonja (D:14)
  2 titan skeletons
  6 shock serpents
  Nergalle (D:12)
  5 wretched stars
  16 naga sharpshooters
  6 iron trolls
  2 spark wasp zombies
  9 shadow wraiths
  20 skeletal warriors
  2 storm dragon skeletons
  A fire crab (Vaults:2)
  2 golden dragon zombies (Crypt:3)
  16 sea snakes
  39 soul eaters
  21 cherubim (Pan)
  6 giant orange brains
  9 gelid demonspawn (Pan)
  26 deep trolls
  14 deep elf archers
  13 infernal demonspawn (Pan)
  8 putrid demonspawn (Pan)
  6 unseen horrors
  7 wizards
  2 wolf spider zombies
  A ghost moth zombie (Crypt:3)
  8 shadow demons (Pan)
  6 hill giants
  5 flayed ghosts
  2 golden dragon skeletons (Pan)
  4 naga ritualists
  12 phantasmal warriors
  77 deep elf magi
  The ghost of mopl the Covert, a novice HEEn of Dithmenos (D:6)
  21 orc knights
  A harpy (shapeshifter) (Vaults:1)
  23 ironbrand convokers
  27 harpies
  7 torturous demonspawn (Pan)
  The ghost of Goblin1989 the Infuser, a novice MfSk of Gozag (D:7)
  4 anaconda skeletons
  3 hornets
  11 mana vipers
  41 ugly things
  14 fauns
  9 griffons
  3 shadow dragon skeletons
  6 shining eyes
  16 necromancers
  A hornet (shapeshifter) (Depths:2)
  2 fire giant zombies
  2 human skeletons
  10 salamanders
  11 manticores
  7 wolf spiders
  2 worldbinders
  2 manticores (shapeshifter)
  2 orc sorcerers
  2 stone giant skeletons (Pan)
  Joseph (D:9)
  29 sixfirhies
  15 cyclopes
  2 iron dragon skeletons
  20 moths of wrath
  16 sirens
  A hell hog skeleton (Crypt:2)
  2 frost giant skeletons (Pan)
  A guardian serpent (shapeshifter) (Depths:5)
  4 water nymphs
  15 naga magi
  17 elephants
  4 apocalypse crabs
  32 black mambas
  13 rust devils
  10 vault sentinels
  59 smoke demons
  2 fire giant skeletons
  7 guardian serpents
  3 eyes of devastation (Slime:6)
  Maurice (D:8)
  36 orange demons
  10 spiny frogs
  4 hellions
  5 gargoyles
  A torpor snail (Lair:8)
  A shock serpent skeleton (Pan)
  A white draconian zombie (Crypt:1)
  3 centaur skeletons
  9 komodo dragons
  A salamander skeleton (Vaults:5)
  4 efreet
  A rime drake (Lair:2)
  16 freezing wraiths
  A kobold demonologist (D:15)
  An ancient zyme (Abyss:3)
  70 yaktaurs
  16 demonic crawlers
  24 tormentors
  27 hellwings
  A shadow dragon simulacrum (Vaults:5)
  A harpy zombie (D:15)
  42 merfolk
  12 ice devils
  A queen bee (Lair:7)
  9 tengu conjurers
  A polar bear (shapeshifter) (Depths:2)
  A sea snake skeleton (Crypt:1)
  2 jumping spiders
  21 red devils
  A jumping spider (shapeshifter) (Vaults:1)
  A troll (shapeshifter) (Vaults:3)
  7 trolls
  A hydra zombie (Hell)
  2 harpy skeletons (Pan)
  A wind drake (Shoals:3)
  Grinder (D:3)
  30 two-headed ogres
  An alligator zombie (Hell)
  5 bog bodies
  153 slime creatures
  11 snapping turtles
  A boulder beetle (shapeshifter) (Vaults:1)
  A two-headed ogre (shapeshifter) (Vaults:2)
  22 blink frogs
  A spriggan zombie (Hell)
  An ettin zombie (Crypt:3)
  A deep troll zombie (Hell)
  2 hydra skeletons
  Prince Ribbit (D:7)
  5 boulder beetles
  2 frost giant simulacra
  2 snapping turtles (shapeshifter)
  47 flying skulls
  An ettin skeleton (Pan)
  10 air elementals
  A spriggan (shapeshifter) (Depths:3)
  2 alligator skeletons
  3 ice dragon skeletons (Pan)
  3 shadows
  2 tarantellas
  60 ynoxinuls
  72 yaks
  2 hogs (D:13)
  27 starcursed masses
  5 wraiths
  2 wyverns
  A tarantella (shapeshifter) (Vaults:2)
  11 fire elementals
  7 redbacks
  A black mamba skeleton (Pan)
  2 hogs (shapeshifter) (Depths:3)
  28 water elementals
  12 hippogriffs
  A vampire (D:14)
  18 golden eyes
  4 basilisks
  26 chaos spawn
  A steam dragon (D:8)
  31 neqoxecs
  A hungry ghost (D:14)
  A mottled dragon (shapeshifter) (Vaults:4)
  Menkaure (D:7)
  48 nagas
  11 vampire mosquitoes
  5 human zombies
  A mottled dragon (Vaults:2)
  3 wargs
  9 swamp worms (Lair:7)
  A deep troll skeleton (Vaults:5)
  A giant eyeball (shapeshifter) (Depths:1)
  15 hell hounds
  A merfolk zombie (Crypt:1)
  2 spiny frog zombies (Hell)
  5 giant eyeballs
  17 porcupines
  A porcupine (shapeshifter) (Vaults:4)
  22 water moccasins
  A ghost crab zombie (Crypt:2)
  A swamp drake (D:11)
  A wasp (shapeshifter) (Depths:3)
  5 ice beasts
  4 sky beasts
  An alligator simulacrum (Hell)
  2 snapping turtle zombies (Crypt:3)
  An ice beast (shapeshifter) (Vaults:3)
  2 black bears
  4 phantoms
  63 orc warriors
  15 eyes of draining
  55 ogres
  9 necrophages
  2 orc zombies
  4 wolves
  A boggart (shapeshifter) (Vaults:5)
  3 boggarts
  27 centaurs
  A manticore skeleton (Abyss:3)
  2 snapping turtle skeletons
  2 wasps (Depths:2)
  14 crocodiles
  9 small abominations
  8 earth elementals
  27 giant frogs
  A wyvern zombie (D:15)
  8 scorpions
  A boulder beetle zombie (Vaults:1)
  2 water moccasin skeletons
  2 human simulacra (Vaults:1)
  40 killer bees
  20 wights
  5 howler monkeys
  3 giant frog zombies
  6 crimson imps
  2 quasits
  8 centaur zombies
  A giant frog skeleton (D:7)
  44 jellies
  24 orc wizards
  23 orc priests
  A gnoll shaman (D:9)
  9 hounds
  An iron imp (Pan)
  13 iguanas
  A worker ant (shapeshifter) (Vaults:3)
  7 worker ants
  A killer bee zombie (D:10)
  26 sheep
  2 hound zombies
  A crocodile skeleton (Crypt:1)
  2 hound skeletons
  5 worker ant zombies
  3 howler monkey skeletons
  A howler monkey zombie (D:10)
  10 gnolls
  A scorpion zombie (Crypt:1)
  17 adders
  96 river rats
  A swamp drake skeleton (Crypt:2)
  6 shadow imps
  A white imp (Abyss:4)
  An ooze (D:3)
  An adder zombie (D:9)
  An iguana zombie (Crypt:1)
  2 adder skeletons
  An iguana skeleton (Crypt:2)
  13 worms
  A dart slug (D:2)
  4 giant geckos
  103 orcs
  A ball python (D:2)
  4 giant cockroaches
  8 goblins
  7 hobgoblins
  6 jackals (D:3)
  3 quokkas
  6 bats
  4 giant newts
  5 kobolds
  16 rats
  6 crawling corpses
  A fire vortex (Vaults:2)
  2 lost souls (Hell)
  A lurking horror (Abyss:3)
  3 plants
  3 starspawn tentacles (Abyss:4)
4185 creatures vanquished.

Vanquished Creatures (collateral kills)
  Geryon (Hell)
  An Executioner (Pan)
  A reaper (Pan)
  An apis (Pan)
  A chaos champion (Pan)
  A very ugly thing (Vaults:5)
  A death knight (Vaults:5)
  A cherub (Pan)
  A torturous demonspawn (Pan)
  A deep elf mage (Vaults:5)
  A faun (shapeshifter) (Vaults:5)
  An ugly thing (Pan)
  A sixfirhy (Hell)
  A vault sentinel (Vaults:5)
  A centaur skeleton (D:10)
  An ice devil (Hell)
  A red devil (Pan)
  An ice dragon zombie (Hell)
  A neqoxec (Pan)
  A large abomination (Pan)
  A giant frog skeleton (D:10)
  An adder skeleton (D:10)
22 creatures vanquished.

Vanquished Creatures (others)
  A fire giant (Vaults:5)
  2 deep elf elementalists (Elf:3)
  A blood saint (Pan)
  2 ironheart preservers (Vaults:1)
  A white draconian (Zot:2)
  A merfolk javelineer (Shoals:4)
  A deep elf annihilator (Elf:3)
  A blizzard demon (Pan)
  A catoblepas (Depths:1)
  An ogre mage (Vaults:2)
  A soul eater (Pan)
  4 deep elf knights
  2 wizards (Pan)
  A giant orange brain (Pan)
  A gelid demonspawn (Pan)
  A shadow demon (Pan)
  A deep elf mage (Vaults:3)
  A faun (Shoals:3)
  3 sixfirhies (Pan)
  2 vault sentinels
  2 smoke demons (Pan)
  A tormentor (Pan)
  A bog body (Crypt:2)
  A chaos spawn (Pan)
  A naga (Snake:4)
  A warg (Vaults:1)
  A boggart (Vaults:3)
  2 orc wizards
  17 ball lightnings (Pan)
  3 orcs (Vaults:4)
  10 fungi
  9 lost souls
  2 lurking horrors
  25 plants
  8 starspawn tentacles (Abyss:4)
  112 starspawn tentacle segments (Abyss:4)
225 creatures vanquished.

Grand Total: 4432 creatures vanquished

Notes
Turn   | Place    | Note
--------------------------------------------------------------
     0 | D:1      | inmateoo the Gargoyle Fighter began the quest for the Orb.
     0 | D:1      | Reached XP level 1. HP: 14/14 MP: 1/1
   119 | D:1      | Reached XP level 2. HP: 19/19 MP: 2/2
   907 | D:1      | Reached XP level 3. HP: 23/23 MP: 3/3
  1363 | D:2      | Reached skill level 1 in Dodging
  1688 | D:2      | You fall through a shaft for 2 floors!
  1721 | D:4      | Reached XP level 4. HP: 13/28 MP: 4/4
  2905 | D:2      | Reached XP level 5. HP: 30/33 MP: 5/5
  2980 | D:2      | Found a sparkling altar of Nemelex Xobeh.
  3399 | D:3      | Found a white marble altar of Elyvilon.
  3537 | D:3      | Noticed Grinder
  3540 | D:3      | Paralysed by Grinder for 3 turns
  3547 | D:3      | Paralysed by Grinder for 2 turns
  3558 | D:3      | Paralysed by Grinder for 5 turns
  3573 | D:3      | Paralysed by Grinder for 5 turns
  3581 | D:3      | Killed Grinder
  3581 | D:3      | Reached skill level 5 in Shields
  3581 | D:3      | Reached XP level 6. HP: 7/38 MP: 6/6
  3866 | D:3      | Found a shadowy altar of Dithmenos.
  3869 | D:3      | Found a bloodstained altar of Trog.
  3869 | D:3      | Found an oddly glowing altar of Pakellas.
  3884 | D:2      | Reached skill level 12 in Maces & Flails
  3884 | D:2      | Reached XP level 7. HP: 5/43 MP: 7/7
  4211 | D:3      | Found a burning altar of Makhleb.
  4457 | D:4      | Found a snail-covered altar of Cheibriados.
  4712 | D:4      | Reached XP level 8. HP: 48/48 MP: 8/8
  4838 | D:4      | Became a worshipper of Cheibriados the Contemplative
  5070 | D:5      | Entered Level 5 of the Dungeon
  5816 | D:5      | Found a shimmering altar of Xom.
  5921 | D:6      | Reached * piety under Cheibriados
  6258 | D:6      | Noticed mopl's ghost (novice HEEn)
  6286 | D:6      | Reached XP level 9. HP: 52/52 MP: 9/9
  6303 | D:6      | Killed mopl's ghost
  6514 | D:6      | Reached skill level 5 in Fighting
  6661 | D:6      | Found a staircase to the Ecumenical Temple.
  6679 | D:6      | Reached ** piety under Cheibriados
  6874 | D:6      | Found a basalt altar of Yredelemnul.
  6875 | D:6      | Found a radiant altar of Vehumet.
  6921 | D:6      | Reached skill level 5 in Armour
  7206 | D:7      | Noticed Prince Ribbit
  7510 | D:7      | Killed Prince Ribbit
  7532 | D:7      | Found a shadowy altar of Dithmenos.
  7534 | D:7      | Noticed a cyclops
  7548 | D:7      | Killed a cyclops
  7548 | D:7      | Reached skill level 13 in Maces & Flails
  7548 | D:7      | Reached XP level 10. HP: 44/59 MP: 10/10
  7550 | D:7      | Noticed Goblin1989's ghost (novice MfSk)
  7590 | D:7      | Killed Goblin1989's ghost
  7590 | D:7      | Reached skill level 1 in Invocations
  7827 | D:7      | Noticed Menkaure
  7833 | D:7      | Killed Menkaure
  7919 | D:7      | Reached *** piety under Cheibriados
  8495 | D:8      | Noticed Maurice
  8521 | D:8      | Killed Maurice
  8738 | D:8      | Found Xoplutoc's Assorted Antiques.
  8740 | D:8      | Noticed Erolcha
  8749 | D:8      | Killed Erolcha
  8870 | D:8      | Bought a sedimented ruby potion for 19 gold pieces
  8870 | D:8      | Bought a scroll of identify for 44 gold pieces
  8870 | D:8      | Bought 2 scrolls labeled UWOH OHOABIY for 44 gold pieces
  8870 | D:8      | Bought a bubbling black potion for 19 gold pieces
  8955 | D:8      | Reached XP level 11. HP: 64/64 MP: 13/13
  9012 | D:8      | Found a staircase to the Lair.
  9026 | D:8      | Reached **** piety under Cheibriados
  9476 | D:9      | Noticed Joseph
  9498 | D:9      | Killed Joseph
  9498 | D:9      | Reached skill level 5 in Dodging
  9557 | D:9      | Gained mutation: You possess an exceptional clarity of mind. [mutagenic meat]
  9558 | D:9      | Lost mutation: You possess an exceptional clarity of mind. [mutagenic meat]
  9559 | D:9      | Gained mutation: You possess an exceptional clarity of mind. [mutagenic meat]
  9560 | D:9      | Gained mutation: Your large and strong wings let you fly indefinitely. [mutagenic meat]
  9561 | D:9      | Gained mutation: You are clumsy. (Dex -2) [mutagenic meat]
  9562 | D:9      | Gained mutation: You are weak. (Str -2) [mutagenic meat]
  9621 | D:9      | Gained mutation: You have a pair of small horns on your head. [mutagenic meat]
  9622 | D:9      | Gained mutation: You have sharp toenails. [mutagenic meat]
  9623 | D:9      | Lost mutation: You possess an exceptional clarity of mind. [mutagenic meat]
  9625 | D:9      | Gained mutation: Your mind is acute. (Int +2) [mutagenic meat]
  9626 | D:9      | Gained mutation: You are partially covered in icy blue scales (AC +1). [mutagenic meat]
 10233 | D:9      | Reached ***** piety under Cheibriados
 10528 | D:10     | Entered Level 10 of the Dungeon
 10646 | D:10     | Noticed a necromancer
 10677 | D:10     | Killed a necromancer
 10687 | D:10     | Reached skill level 14 in Maces & Flails
 10830 | D:10     | Noticed a skeletal warrior
 10841 | D:10     | Killed a skeletal warrior
 10841 | D:10     | Reached XP level 12. HP: 56/72 MP: 15/15
 11181 | D:10     | Reached skill level 5 in Invocations
 11908 | D:11     | Lost mutation: You have sharp toenails. [mutagenic meat]
 11939 | D:11     | Found a stormy altar of Qazlal.
 11993 | D:11     | Found Kiorer's Assorted Antiques.
 11998 | D:11     | Bought 2 glowing pink potions for 45 gold pieces
 11998 | D:11     | Bought a glowing pink potion for 22 gold pieces
 11998 | D:11     | Bought a glowing pink potion for 22 gold pieces
 11998 | D:11     | Bought a scroll of teleportation for 75 gold pieces
 11998 | D:11     | Bought a sharpened bronze wand for 100 gold pieces
 12098 | D:11     | Noticed a five-headed hydra
 12108 | D:11     | Killed a five-headed hydra
 12399 | D:11     | Found a staircase to the Orcish Mines.
 12583 | D:11     | Reached ****** piety under Cheibriados
 12834 | D:11     | Gained mutation: You are resistant to hostile enchantments. [mutagenic meat]
 12835 | D:11     | Gained mutation: You have sharp toenails. [mutagenic meat]
 12883 | D:12     | Noticed Rupert
 12895 | D:12     | Paralysed by Rupert for 3 turns
 12902 | D:12     | Killed Rupert
 12902 | D:12     | Reached XP level 13. HP: 74/79 MP: 17/17
 12949 | D:12     | Noticed Gastronok
 13272 | D:12     | Reached skill level 15 in Maces & Flails
 13353 | D:12     | Noticed Nergalle
 13359 | D:12     | Killed Nergalle
 13369 | D:12     | Killed Gastronok
 13804 | D:13     | Found a gate to the Vaults.
 13804 | D:13     | Noticed a vault guard
 13804 | D:13     | Noticed a vault guard
 13804 | D:13     | Noticed a vault guard
 13805 | D:13     | Noticed a vault guard
 13805 | D:13     | Noticed a vault guard
 13805 | D:13     | Noticed a vault guard
 13805 | D:13     | Noticed a vault guard
 13808 | D:13     | Killed a vault guard
 13813 | D:13     | Noticed a vault guard
 13813 | D:13     | Killed a vault guard
 13815 | D:13     | Killed a vault guard
 13819 | D:13     | Killed a vault guard
 13823 | D:13     | Killed a vault guard
 13828 | D:13     | Killed a vault guard
 13837 | D:13     | Killed a vault guard
 13845 | D:13     | Killed a vault guard
 13980 | D:13     | Reached skill level 10 in Shields
 14270 | D:13     | Noticed Kirke
 14280 | D:13     | Killed Kirke
 14280 | D:13     | Mutation became permanent: Your large and strong wings let you fly indefinitely. [Gargoyle growth]
 14280 | D:13     | Reached XP level 14. HP: 86/86 MP: 19/19
 14731 | D:14     | Noticed Sonja
 14745 | D:14     | Killed Sonja
 15001 | D:14     | Found a blossoming altar of Fedhas.
 15039 | D:14     | Lost mutation: You are clumsy. (Dex -2) [mutagenic meat]
 15040 | D:14     | Gained mutation: You are partially covered in yellow scales (AC +2). [mutagenic meat]
 15105 | D:14     | Gained mutation: You are robust (+10% HP). [mutagenic meat]
 15106 | D:14     | Lost mutation: You are resistant to hostile enchantments. [mutagenic meat]
 15107 | D:14     | Gained mutation: You are very weak. (Str -4) [mutagenic meat]
 15108 | D:14     | Lost mutation: You have a pair of small horns on your head. [mutagenic meat]
 15109 | D:14     | Lost mutation: You are very weak. (Str -4) [mutagenic meat]
 15127 | D:14     | Lost mutation: Your mind is acute. (Int +2) [potion of mutation]
 15127 | D:14     | Gained mutation: You are surrounded by a mild repulsion field (EV +2). [potion of mutation]
 15127 | D:14     | Gained mutation: You are agile. (Dex +2) [potion of mutation]
 15199 | D:14     | Reached skill level 10 in Fighting
 15426 | D:15     | Entered Level 15 of the Dungeon
 15604 | D:15     | Noticed a dire elephant
 15604 | D:15     | Reached skill level 16 in Maces & Flails
 15628 | D:15     | Killed a dire elephant
 15929 | D:15     | Found a staircase to the Depths.
 16143 | D:15     | Reached skill level 10 in Armour
 16721 | Lair:1   | Entered Level 1 of the Lair of Beasts
 17123 | Lair:1   | Reached XP level 15. HP: 96/102 MP: 21/21
 17587 | Lair:2   | Noticed Fannar
 17598 | Lair:2   | Killed Fannar
 18584 | Lair:3   | Found a staircase to the Snake Pit.
 19412 | Lair:4   | Found a staircase to the Shoals.
 19702 | Lair:5   | Noticed Snorg
 19726 | Lair:5   | Killed Snorg
 20925 | Lair:7   | Reached skill level 17 in Maces & Flails
 20963 | Lair:7   | Found a runed door.
 20963 | Lair:7   | Found a viscous altar of Jiyva.
 20963 | Lair:7   | Found a staircase to the Slime Pits.
 20963 | Lair:7   | Noticed an azure jelly
 20963 | Lair:7   | Noticed an azure jelly
 20963 | Lair:7   | Noticed an azure jelly
 20963 | Lair:7   | Noticed an azure jelly
 21280 | Lair:7   | Reached skill level 10 in Invocations
 21468 | Lair:7   | Reached XP level 16. HP: 95/110 MP: 23/23
 21859 | Lair:8   | Entered Level 8 of the Lair of Beasts
 23439 | Orc:1    | Entered Level 1 of the Orcish Mines
 23958 | Orc:2    | Entered Level 2 of the Orcish Mines
 23958 | Orc:2    | Found Kaekk's Jewellery Shop.
 24130 | Orc:2    | Found a roughly hewn altar of Beogh.
 24246 | Orc:2    | Found a staircase to the Elven Halls.
 24392 | Orc:2    | Noticed bananaglory's ghost (journeyman DsFi)
 24411 | Orc:2    | Killed bananaglory's ghost
 24664 | Orc:2    | Found Taafino's Assorted Antiques.
 24665 | Orc:2    | Found Fonkeytz's Food Shop.
 24665 | Orc:2    | Found Lorud's Book Boutique.
 24666 | Orc:2    | Found Ciffyn's Assorted Antiques.
 24672 | Orc:2    | Bought a potion of agility for 108 gold pieces
 24672 | Orc:2    | Bought a potion of curing for 81 gold pieces
 24672 | Orc:2    | Bought a scroll of blinking for 202 gold pieces
 24672 | Orc:2    | Bought a pair of gloves for 121 gold pieces
 24787 | Orc:2    | Bought a scroll of identify for 56 gold pieces
 24787 | Orc:2    | Bought a scroll of magic mapping for 98 gold pieces
 24787 | Orc:2    | Bought a runed scale mail for 112 gold pieces
 24793 | Orc:2    | Learned a level 1 spell: Apportation
 24812 | Orc:2    | Bought a book of Minor Magic for 280 gold pieces
 24815 | Orc:2    | Learned a level 2 spell: Blink
 24818 | Orc:2    | Learned a level 2 spell: Repel Missiles
 24835 | Orc:2    | Bought a book of Necromancy for 420 gold pieces
 24839 | Orc:2    | Learned a level 3 spell: Regeneration
 24858 | Orc:2    | Bought a book of Geomancy for 490 gold pieces
 24861 | Orc:2    | Learned a level 2 spell: Passwall
 24867 | Orc:2    | Learned a level 5 spell: Lee's Rapid Deconstruction
 24951 | Elf:1    | Entered Level 1 of the Elven Halls
 25002 | Elf:1    | Reached skill level 18 in Maces & Flails
 25006 | Elf:1    | Reached skill level 1 in Earth Magic
 25016 | Elf:1    | Reached XP level 17. HP: 55/116 MP: 25/25
 25153 | Elf:1    | Reached skill level 1 in Spellcasting
 26631 | Elf:2    | Reached skill level 10 in Dodging
 26900 | Elf:2    | Found a runed gate.
 26900 | Elf:2    | Found a runed gate.
 26900 | Elf:2    | Found a runed gate.
 27111 | Elf:3    | Entered Level 3 of the Elven Halls
 27180 | Elf:2    | Noticed Azrael
 27202 | Elf:2    | Killed Azrael
 27229 | Elf:2    | Reached skill level 5 in Earth Magic
 27286 | Elf:2    | Reached XP level 18. HP: 74/124 MP: 26/26
 27908 | Elf:3    | Noticed a deep elf master archer
 27920 | Elf:3    | Killed a deep elf master archer
 27937 | Elf:3    | Reached skill level 19 in Maces & Flails
 27958 | Elf:3    | Noticed a deep elf master archer
 27964 | Elf:3    | Killed a deep elf master archer
 28009 | Elf:3    | Noticed a Brimstone Fiend
 28012 | Elf:3    | Noticed a Brimstone Fiend
 28143 | Elf:3    | Got a flickering silver ring
 28167 | Elf:3    | Identified the ring "Waocich" {Fire -Tele rN+++ MR- Dex+5} (You took it off a deep elf annihilator on level 3 of the Elven Halls)
 28177 | Elf:3    | Identified Sif Muna's Collected Works on Sinister Companions
 28181 | Elf:3    | Identified the Compendium of Assistive Bewitchment
 28352 | Elf:3    | Reached skill level 5 in Spellcasting
 28376 | Elf:3    | Got a bound jade ring
 28377 | Elf:3    | Identified the ring of Zeolerph {rCorr rN+ Str+5 Int-3} (You found it on level 3 of the Elven Halls)
 28485 | Elf:3    | Reached XP level 19. HP: 128/130 MP: 24/27
 28593 | Elf:3    | Reached skill level 1 in Evocations
 28926 | Orc:2    | Bought the cursed ring "Tolum" {rPois rF+ Str+5 Int-2} for 378 gold pieces
 29149 | Snake:1  | Entered Level 1 of the Snake Pit
 31199 | Snake:4  | Entered Level 4 of the Snake Pit
 31508 | Snake:4  | Reached XP level 20. HP: 138/138 MP: 30/30
 31770 | Snake:4  | Got a serpentine rune of Zot
 32065 | Shoals:1 | Entered Level 1 of the Shoals
 32230 | Shoals:1 | Found Jizaiquri's Distillery.
 32244 | Shoals:1 | Bought a potion of curing for 36 gold pieces
 32244 | Shoals:1 | Bought a potion of heal wounds for 60 gold pieces
 32244 | Shoals:1 | Bought a potion of might for 48 gold pieces
 32244 | Shoals:1 | Bought a potion of heal wounds for 60 gold pieces
 32244 | Shoals:1 | Bought a potion of might for 48 gold pieces
 32803 | Shoals:2 | Reached skill level 20 in Maces & Flails
 33319 | Shoals:2 | Found Adiakhev's Assorted Antiques.
 33342 | Shoals:2 | Bought a box of beasts for 760 gold pieces
 33664 | Shoals:3 | Reached skill level 5 in Evocations
 33854 | Shoals:3 | Noticed Polyphemus
 33871 | Shoals:3 | Killed Polyphemus
 33964 | Shoals:3 | Noticed Roxanne
 33980 | Shoals:3 | Killed Roxanne
 34023 | Shoals:3 | Identified Roxanne's Handbook of Transformation (You took it off Roxanne on level 3 of the Shoals)
 34320 | Shoals:3 | Reached skill level 10 in Earth Magic
 34461 | Shoals:4 | Entered Level 4 of the Shoals
 34503 | Shoals:4 | Noticed Ilsuiw
 34550 | Shoals:4 | Killed Ilsuiw
 34550 | Shoals:4 | Reached skill level 15 in Shields
 34692 | Shoals:4 | Reached XP level 21. HP: 145/145 MP: 34/34
 35082 | Shoals:4 | Got a coiled ruby amulet
 35083 | Shoals:4 | Identified the amulet "Elam" {+Rage Int+3} (You found it on level 4 of the Shoals)
 35520 | Shoals:4 | Got a barnacled rune of Zot
 36043 | Vaults:1 | Entered Level 1 of the Vaults
 36458 | Vaults:1 | Noticed Norris
 36484 | Vaults:1 | Killed Norris
 36488 | Vaults:1 | Reached skill level 10 in Spellcasting
 37283 | Vaults:1 | Reached XP level 22. HP: 152/152 MP: 36/36
 37856 | Vaults:2 | Reached skill level 21 in Maces & Flails
 37861 | Vaults:2 | Reached skill level 15 in Fighting
 37888 | Vaults:2 | Reached skill level 15 in Armour
 38079 | Vaults:2 | Found Suibrid's Assorted Antiques.
 39192 | Vaults:3 | Found a staircase to the Crypt.
 39645 | Vaults:3 | Got a fine jade amulet
 39646 | Vaults:3 | Identified the amulet of Autumn {Harm *Drain +Blink rPois Dex+4} (You found it on level 3 of the Vaults)
 40120 | Vaults:4 | Reached XP level 23. HP: 159/159 MP: 38/38
 40986 | Vaults:5 | Entered Level 5 of the Vaults
 41353 | Vaults:5 | Noticed a golden dragon
 41363 | Vaults:5 | Killed a golden dragon
 41552 | Vaults:5 | Noticed a golden dragon
 41579 | Vaults:5 | Killed a golden dragon
 41585 | Vaults:5 | Reached skill level 22 in Maces & Flails
 41601 | Vaults:5 | Reached XP level 24. HP: 62/167 MP: 8/39
 42023 | Vaults:5 | Found Utoy's Food Shoppe.
 42909 | Vaults:5 | Got a silver rune of Zot
 42911 | Vaults:5 | Identified the Almanac of Flight and Displacement
 43392 | Depths:1 | Entered Level 1 of the Depths
 43547 | Depths:1 | Identified the Disquisition on Stones
 43717 | Depths:1 | Found a gateway to Hell.
 43720 | Depths:1 | Found a gateway to a ziggurat.
 43826 | Depths:1 | Reached XP level 25. HP: 165/174 MP: 39/39
 43880 | Depths:1 | Found a one-way gate to the infinite horrors of the Abyss.
 44799 | Depths:2 | Noticed Wiglaf
 44820 | Depths:2 | Killed Wiglaf
 44953 | Depths:2 | Reached skill level 10 in Evocations
 45171 | Depths:2 | Gained mutation: You tend to lose your temper in combat. [a Zot trap]
 45171 | Depths:2 | Gained mutation: Your spells are a little easier to cast, but a little less powerful. [a Zot trap]
 45364 | Depths:2 | Identified the Papyrus of Dusty Changing
 45604 | Depths:2 | Gained mutation: You possess an exceptional clarity of mind. [mutagenic meat]
 45605 | Depths:2 | Gained mutation: You have a pair of small horns on your head. [mutagenic meat]
 45606 | Depths:2 | Gained mutation: You are very weak. (Str -4) [mutagenic meat]
 45607 | Depths:2 | Lost mutation: You are agile. (Dex +2) [mutagenic meat]
 45609 | Depths:2 | Lost mutation: You possess an exceptional clarity of mind. [mutagenic meat]
 45610 | Depths:2 | Lost mutation: You tend to lose your temper in combat. [mutagenic meat]
 45611 | Depths:2 | Gained mutation: You have sharp fingernails. [mutagenic meat]
 45612 | Depths:2 | Gained mutation: You are agile. (Dex +2) [mutagenic meat]
 46061 | Depths:2 | Reached skill level 1 in Charms
 46152 | Depths:2 | Reached skill level 1 in Translocations
 46290 | Depths:2 | Lost mutation: You have sharp toenails. [mutagenic meat]
 46292 | Depths:2 | Gained mutation: You possess an exceptional clarity of mind. [mutagenic meat]
 46293 | Depths:2 | Lost mutation: You are very weak. (Str -4) [mutagenic meat]
 46294 | Depths:2 | Gained mutation: Potions and wands are less effective at restoring your health. [mutagenic meat]
 46295 | Depths:2 | Gained mutation: You expend magic power (3 MP) to strengthen your wands. [mutagenic meat]
 46453 | Depths:3 | Reached skill level 23 in Maces & Flails
 46540 | Depths:3 | Reached XP level 26. HP: 120/181 MP: 40/40
 46656 | Depths:3 | Lost mutation: You expend magic power (3 MP) to strengthen your wands. [mutagenic meat]
 46666 | Depths:3 | Identified a scroll of acquirement
 46667 | Depths:3 | Got a pair of steaming boots
 46668 | Depths:3 | Identified the +0 pair of boots of Niahopp {rPois Dex+3} (You acquired it on level 3 of the Depths)
 46822 | Depths:3 | Lost mutation: You are agile. (Dex +2) [mutagenic meat]
 46823 | Depths:3 | Gained mutation: Your magical capacity is low (-10% MP). [mutagenic meat]
 46824 | Depths:3 | Lost mutation: You have a pair of small horns on your head. [mutagenic meat]
 46899 | Depths:3 | Reached skill level 15 in Earth Magic
 46903 | Depths:3 | Paralysed by a giant eyeball for 4 turns
 46941 | Depths:3 | Gained mutation: You are very weak. (Str -4) [mutagenic meat]
 46942 | Depths:3 | Lost mutation: Your magical capacity is low (-10% MP). [mutagenic meat]
 46943 | Depths:3 | Lost mutation: Your spells are a little easier to cast, but a little less powerful. [mutagenic meat]
 46944 | Depths:3 | Lost mutation: Potions and wands are less effective at restoring your health. [mutagenic meat]
 46951 | Depths:3 | Noticed a juggernaut
 46970 | Depths:3 | Killed a juggernaut
 47027 | Depths:3 | Found a one-way gate leading to the halls of Pandemonium.
 47087 | Depths:3 | Got an iridescent morningstar {freeze}
 47088 | Depths:3 | Identified the +5 morningstar of Bloody Death {freeze, *Confuse rElec Int+2} (You took it off a tengu conjurer on level 3 of the Depths)
 47945 | Depths:4 | Gained mutation: You tend to lose your temper in combat. [mutagenic meat]
 47946 | Depths:4 | Gained mutation: Your flesh is cold resistant. [mutagenic meat]
 47947 | Depths:4 | Gained mutation: You are somewhat resistant to further mutation. [mutagenic meat]
 47948 | Depths:4 | Gained mutation: You passively map a small area around you. [mutagenic meat]
 48227 | Depths:4 | Got a dazzling cloak
 48228 | Depths:4 | Identified the cursed +0 cloak of Existentialism {Str+4 Int+3} (You found it on level 4 of the Depths)
 48488 | Depths:4 | Noticed an ancient lich
 48494 | Depths:4 | Killed an ancient lich
 48754 | Depths:4 | Got a twisted chain mail
 48755 | Depths:4 | Identified the +1 chain mail of Untruth {-Cast Str+5 Dex+2} (You found it on level 4 of the Depths)
 48791 | Depths:5 | Entered Level 5 of the Depths
 48794 | Depths:5 | Paralysed by a giant eyeball for 4 turns
 48804 | Depths:5 | Paralysed by a giant eyeball for 4 turns
 49044 | Depths:5 | Reached XP level 27. HP: 179/189 MP: 40/40
 49489 | Depths:5 | Found a gate to the Realm of Zot.
 49895 | Zot:1    | Entered Level 1 of the Realm of Zot
 50142 | Zot:1    | Reached skill level 5 in Charms
 50865 | Zot:2    | Got a pair of heavily runed gloves
 50866 | Zot:2    | Identified the +2 pair of gloves "Puno Soa" {rPois Str+4 Int+3} (You found it on level 2 of the Realm of Zot)
 50994 | Zot:2    | Reached skill level 5 in Translocations
 51530 | Zot:2    | Noticed an orb of fire
 51545 | Zot:2    | Killed an orb of fire
 52079 | Zot:2    | Cast into level 3 of the Abyss (purple draconian knight)
 52288 | Zot:2    | Escaped the Abyss
 52578 | Zot:2    | Reached skill level 24 in Maces & Flails
 53859 | Zot:3    | Learned a level 8 spell: Necromutation
 54186 | Zot:5    | Entered Level 5 of the Realm of Zot
 54186 | Zot:5    | Noticed an orb of fire
 54186 | Zot:5    | Noticed an orb of fire
 54230 | Zot:2    | Reached skill level 1 in Transmutations
 54240 | Zot:2    | Reached skill level 1 in Necromancy
 54374 | Hell     | Entered the Vestibule of Hell
 54374 | Hell     | Noticed Geryon
 54395 | Hell     | Reached skill level 15 in Dodging
 54415 | Hell     | Killed Geryon
 54537 | Hell     | Found a gateway to the freezing wastes of Cocytus.
 54585 | Hell     | Found a gateway to the decaying netherworld of Tartarus.
 54795 | Hell     | Found a gateway to the ashen valley of Gehenna.
 54930 | Hell     | Found a gateway to the Iron City of Dis.
 55368 | Crypt:1  | Entered Level 1 of the Crypt
 55400 | Crypt:1  | You fall through a shaft!
 55992 | Crypt:2  | Reached skill level 25 in Maces & Flails
 56582 | Crypt:3  | Entered Level 3 of the Crypt
 56597 | Crypt:3  | Reached skill level 15 in Spellcasting
 56838 | Crypt:3  | Noticed an ancient lich
 56847 | Crypt:3  | Found a basalt altar of Yredelemnul.
 56851 | Crypt:3  | Killed an ancient lich
 56890 | Crypt:3  | Reached skill level 5 in Necromancy
 56890 | Crypt:3  | Reached skill level 5 in Transmutations
 57085 | Crypt:3  | Found a staircase to the Tomb.
 57114 | Crypt:3  | Got a slimy tin ring
 57116 | Crypt:3  | Identified the ring "Gideq" {+Inv rF- rN+ MP+9} (You found it on level 3 of the Crypt)
 57119 | Crypt:3  | Got a bound silver ring
 57121 | Crypt:3  | Identified the ring "Fiarhim" {rN+ Dex+3 SInv} (You found it on level 3 of the Crypt)
 57136 | Crypt:3  | Got a twitching amber ring
 57137 | Crypt:3  | Identified the ring of the Garden {Fragile +Fly rN+ Dex+4 SInv} (You found it on level 3 of the Crypt)
 57493 | Crypt:3  | Got a translucent copper amulet
 57494 | Crypt:3  | Identified the amulet of Afypigg {Faith rC+++ rN++ MP-9 Dex-4} (You found it on level 3 of the Crypt)
 57833 | Crypt:3  | Identified Cigotuvi's Reference Book on Shifting Darkness (You found it on level 3 of the Crypt)
 57836 | Crypt:3  | Got a smelly chain mail
 57837 | Crypt:3  | Identified the cursed +1 chain mail of the Carpenter {+Inv rC- Regen+ rCorr} (You found it on level 3 of the Crypt)
 58248 | Lair:2   | Learned a level 9 spell: Shatter
 58376 | Slime:1  | Entered Level 1 of the Pits of Slime
 58572 | Slime:1  | Lost mutation: You are surrounded by a mild repulsion field (EV +2). [a shining eye]
 58576 | Slime:1  | Gained mutation: You are agile. (Dex +2) [a shining eye]
 59404 | Slime:2  | Lost mutation: You are agile. (Dex +2) [a shining eye]
 59491 | Slime:3  | Noticed Dissolution
 59509 | Slime:3  | Killed Dissolution
 59703 | Slime:6  | Entered Level 6 of the Pits of Slime
 59809 | Slime:6  | Noticed the Royal Jelly
 60572 | Slime:6  | Noticed M4edhros's ghost (adept OpNe)
 60586 | Slime:6  | Killed M4edhros's ghost
 61224 | Slime:6  | Found a viscous altar of Jiyva.
 61558 | Slime:6  | Gained mutation: You have a pair of small antennae on your head. [a shining eye]
 61840 | Slime:6  | Killed the Royal Jelly
 61949 | Slime:6  | Got a twisted scale mail
 61950 | Slime:6  | Identified the +0 scale mail of the Lair of Beasts {rN+} (You found it on level 6 of the Pits of Slime)
 61964 | Slime:6  | Got a brightly glowing lead ring
 61965 | Slime:6  | Identified the ring of Joska {MR+ AC+3 Str+4} (You found it on level 6 of the Pits of Slime)
 61970 | Slime:6  | Got a smoking glass ring
 61971 | Slime:6  | Identified the ring "Xiraodiy" {rF+ MR+ Int+4} (You found it on level 6 of the Pits of Slime)
 62021 | Slime:6  | Got a slimy rune of Zot
 62070 | Slime:5  | Paralysed by a giant eyeball for 2 turns
 62589 | Pan      | Entered Pandemonium
 62589 | Pan      | Found an exit through the horrors of the Abyss.
 62797 | Pan      | Reached skill level 10 in Transmutations
 62825 | Pan      | Noticed Jowax the pandemonium lord
 62834 | Pan      | Killed Jowax the pandemonium lord
 62834 | Pan      | Reached skill level 10 in Necromancy
 63032 | Pan      | Learned a level 6 spell: Iron Shot
 63470 | Pan      | Entered the realm of Gloorx Vloq.
 63474 | Pan      | Got a warped shield
 63475 | Pan      | Identified the -10 shield of Qeitwupn {*Corrode rN+ MR+ MP+9 Stlth+} (You acquired it in Pandemonium)
 63699 | Pan      | Found an exit through the horrors of the Abyss.
 64435 | Pan      | Noticed Gloorx Vloq
 64450 | Pan      | Killed Gloorx Vloq
 64480 | Pan      | Got a dark rune of Zot
 64722 | Pan      | Noticed Faucsoh the pandemonium lord
 64739 | Pan      | Killed Faucsoh the pandemonium lord
 64836 | Pan      | Found a runed door.
 64967 | Pan      | Found a runed door.
 64974 | Pan      | Found a runed door.
 64974 | Pan      | Found a runed door.
 64974 | Pan      | Noticed Wybidup the pandemonium lord
 64982 | Pan      | Killed Wybidup the pandemonium lord
 65004 | Pan      | Entered the realm of Cerebov.
 65124 | Pan      | Noticed Cerebov
 65190 | Pan      | Got a fiery rune of Zot
 65223 | Pan      | Killed Cerebov
 65318 | Pan      | Found an exit through the horrors of the Abyss.
 65372 | Pan      | Entered the realm of Mnoleg.
 65550 | Pan      | Found an exit through the horrors of the Abyss.
 65621 | Pan      | Gained mutation: Scrolls take you a little longer to read. [a cacodemon]
 65697 | Pan      | Noticed Mnoleg
 65711 | Pan      | Killed Mnoleg
 65758 | Pan      | Lost mutation: You are robust (+10% HP). [mutagenic meat]
 65761 | Pan      | Lost mutation: Scrolls take you a little longer to read. [mutagenic meat]
 65762 | Pan      | Lost mutation: You are somewhat resistant to further mutation. [mutagenic meat]
 65764 | Pan      | Gained mutation: You have supernaturally acute eyesight. [mutagenic meat]
 65772 | Pan      | Gained mutation: You often lose your temper in combat. [a neqoxec]
 65778 | Pan      | Lost mutation: You are very weak. (Str -4) [a neqoxec]
 65778 | Pan      | Gained mutation: Potions and wands are less effective at restoring your health. [a neqoxec]
 65795 | Pan      | Got a glowing rune of Zot
 65818 | Pan      | Lost mutation: You often lose your temper in combat. [mutagenic meat]
 65819 | Pan      | Lost mutation: You tend to lose your temper in combat. [mutagenic meat]
 65875 | Pan      | Lost mutation: You have supernaturally acute eyesight. [mutagenic meat]
 65877 | Pan      | Gained mutation: You have a beak for a mouth. [mutagenic meat]
 65878 | Pan      | Gained mutation: You are dopey. (Int -2) [mutagenic meat]
 65879 | Pan      | Lost mutation: You possess an exceptional clarity of mind. [mutagenic meat]
 65880 | Pan      | Lost mutation: You are dopey. (Int -2) [mutagenic meat]
 65883 | Pan      | Gained mutation: Potions and wands are poor at restoring your health. [mutagenic meat]
 66032 | Pan      | Gained mutation: You tend to lose your temper in combat. [a cacodemon]
 66159 | Pan      | Noticed Zizing the pandemonium lord
 66167 | Pan      | Killed Zizing the pandemonium lord
 66222 | Pan      | Gained mutation: Your body sometimes deteriorates upon taking damage. [potion of mutation]
 66222 | Pan      | Gained mutation: Your natural rate of healing is unusually fast. [potion of mutation]
 66223 | Pan      | Lost mutation: Your body sometimes deteriorates upon taking damage. [potion of mutation]
 66223 | Pan      | Lost mutation: Your flesh is cold resistant. [potion of mutation]
 66223 | Pan      | Lost mutation: You tend to lose your temper in combat. [potion of mutation]
 66290 | Pan      | Noticed Kedepeosh the pandemonium lord
 66290 | Pan      | Gained mutation: You are clumsy. (Dex -2) [a cacodemon]
 66303 | Pan      | Killed Kedepeosh the pandemonium lord
 66579 | Pan      | Found an exit through the horrors of the Abyss.
 66660 | Pan      | Noticed Puorec the pandemonium lord
 66675 | Pan      | Killed Puorec the pandemonium lord
 67073 | Pan      | Entered the realm of Lom Lobon.
 67126 | Pan      | Found an exit through the horrors of the Abyss.
 67630 | Pan      | Noticed Lom Lobon
 67715 | Pan      | Got a magical rune of Zot
 67882 | Pan      | Found an exit through the horrors of the Abyss.
 68556 | Pan      | Found an exit through the horrors of the Abyss.
 68646 | Pan      | Noticed Gues the pandemonium lord
 68670 | Pan      | Killed Gues the pandemonium lord
 68678 | Pan      | Gained mutation: You are occasionally teleported next to monsters. [a neqoxec]
 68995 | Pan      | Found an exit through the horrors of the Abyss.
 69035 | Pan      | Reached skill level 15 in Necromancy
 69135 | Pan      | Noticed Haela the pandemonium lord
 69154 | Pan      | Killed Haela the pandemonium lord
 69154 | Pan      | Reached skill level 15 in Transmutations
 69236 | Pan      | Noticed Duil the pandemonium lord
 69256 | Pan      | Killed Duil the pandemonium lord
 69342 | Pan      | Noticed Jodomebb the pandemonium lord
 69353 | Pan      | Killed Jodomebb the pandemonium lord
 69689 | Pan      | Gained mutation: Your body sometimes deteriorates upon taking damage. [a neqoxec]
 70015 | Pan      | Found an exit through the horrors of the Abyss.
 70378 | Pan      | Noticed Lom Lobon
 70381 | Pan      | Gained mutation: Armour fits poorly on your strangely shaped body. [a neqoxec]
 70383 | Pan      | Gained mutation: You are frail (-10% HP). [a neqoxec]
 70499 | Pan      | Found an exit through the horrors of the Abyss.
 70616 | Pan      | Noticed Jeqiv the pandemonium lord
 70648 | Pan      | Killed Jeqiv the pandemonium lord
 70742 | Pan      | Noticed a seraph
 70757 | Pan      | Killed a seraph
 70778 | Pan      | Found a glowing golden altar of the Shining One.
 70841 | Pan      | Got a demonic rune of Zot
 70871 | Pan      | Identified the Catalogue of Creation
 70894 | Pan      | Got a shimmering gold dragon armour
 70895 | Pan      | Identified the +1 gold dragon armour "Ficus" {rPois rF+ rC+ Str+3 Int+4} (You found it in Pandemonium)
 71181 | Pan      | Got a scorched morningstar
 71182 | Pan      | Identified the +8 morningstar "Werhoir" {drain, MR+} (You found it in Pandemonium)
 71216 | Pan      | Found a glowing silver altar of Zin.
 72829 | Pan      | Found a white marble altar of Elyvilon.
 73543 | Pan      | Noticed Esovebet the pandemonium lord
 73557 | Pan      | Noticed Lom Lobon
 73572 | Pan      | Killed Esovebet the pandemonium lord
 73624 | Pan      | Found an exit through the horrors of the Abyss.
 73631 | Pan      | Took an exit into the Abyss.
 73631 | Abyss:1  | Escaped into the Abyss
 74012 | Abyss:3  | Paralysed by you for 7 turns
 74086 | Abyss:4  | Found a corrupted altar of Lugonu.
 74366 | Abyss:4  | Got a sparkling platinum ring
 74375 | Abyss:4  | Identified the ring of Onaekus {rN+ AC+2 Int+4} (You found it on level 4 of the Abyss)
 74378 | Abyss:4  | Lost mutation: You are occasionally teleported next to monsters. [mutagenic meat]
 74380 | Abyss:4  | Lost mutation: You are weak. (Str -2) [mutagenic meat]
 74561 | Abyss:4  | Noticed an ancient lich
 74561 | Abyss:4  | Noticed an ancient lich
 74576 | Abyss:4  | Killed an ancient lich
 74582 | Abyss:4  | Killed from afar by a Tzitzimitl

Skill      XL: |  1  2  3  4  5  6  7  8  9 10 11 12 13 14 15 16 17 18 19 20 21 22 23 24 25 26 27 |
---------------+----------------------------------------------------------------------------------+-----
Dodging        | 1 2 3 4 5 6 7 8 9 10 11 12 13 14 15 | 15.6
Shields        | 4 5 6 7 8 9 10 11 12 13 14 15 16 17 18 22 | 22.0
Fighting       | 4 5 6 7 8 9 10 11 12 13 14 15 16 17 21 | 21.4
Armour         | 4 5 6 7 8 9 10 11 12 13 14 15 16 17 19 | 19.2
Maces & Flails | 12 13 14 15 16 17 18 19 20 21 22 23 25 | 25.3
Invocations    | 2 4 6 7 9 10 | 10.9
Earth Magic    | 1 5 7 9 10 11 12 13 14 15 17 | 17.7
Spellcasting   | 3 5 7 9 10 11 12 13 19 | 19.6
Evocations     | 3 5 6 7 8 9 10 11 12 | 12.1
Charms         | 2 4 7 |  7.0
Translocations | 2 4 6 |  6.6
Transmutations | 18 | 18.1
Necromancy     | 18 | 18.3
Stealth        | |  0.5

Action                   |  1- 3 |  4- 6 |  7- 9 | 10-12 | 13-15 | 16-18 | 19-21 | 22-24 | 25-27 || total
-------------------------+-------+-------+-------+-------+-------+-------+-------+-------+-------++-------
Melee: Flail             |   397 |   635 |   443 |    46 |       |       |       |       |       ||  1521
       Club              |     7 |       |       |       |       |       |       |       |       ||     7
       Unarmed           |       |    14 |       |       |       |       |       |       |       ||    14
       Morningstar       |       |       |       |   653 |  1536 |  1495 |  2184 |  2116 |  8181 || 16165
       Kick              |       |       |       |   100 |   140 |       |       |       |       ||   240
       Headbutt          |       |       |       |   134 |   126 |       |       |       |   208 ||   468
       Peck              |       |       |       |       |       |       |       |       |   871 ||   871
       Eveningstar       |       |       |       |       |       |       |       |       |    26 ||    26
 Cast: Repel Missiles    |       |       |       |       |       |     6 |     7 |     5 |    18 ||    36
       Regeneration      |       |       |       |       |       |       |       |     5 |   112 ||   117
       Iron Shot         |       |       |       |       |       |       |       |       |     6 ||     6
       Necromutation     |       |       |       |       |       |       |       |       |     2 ||     2
       Apportation       |       |       |       |       |       |       |       |       |     1 ||     1
       Blink             |       |       |       |       |       |       |       |       |     1 ||     1
Invok: Slouch            |       |       |       |     4 |     5 |    18 |     8 |    17 |    24 ||    76
       Temporal Distorti |       |       |       |       |       |       |       |       |     5 ||     5
 Abil: Fly               |       |       |       |       |     1 |       |     1 |       |     8 ||    10
       Stop Flying       |       |       |       |       |     1 |       |     1 |       |     7 ||     9
Evoke: Wand              |     1 |     1 |     4 |     3 |     2 |       |       |     4 |    16 ||    31
       Deck              |       |       |       |     2 |       |     2 |       |       |       ||     4
       Lamp of fire      |       |       |       |       |       |       |       |     2 |    11 ||    13
       Phial of floods   |       |       |       |       |       |       |       |     2 |    10 ||    12
       Stone of tremors  |       |       |       |       |       |       |       |     2 |     2 ||     4
       Box of beasts     |       |       |       |       |       |       |       |     1 |     9 ||    10
       Fan of gales      |       |       |       |       |       |       |       |     1 |     4 ||     5
       Horn of Geryon    |       |       |       |       |       |       |       |       |     8 ||     8
  Use: Scroll            |     3 |     3 |     7 |     7 |    14 |     6 |     3 |    11 |    75 ||   129
       Potion            |       |     3 |     5 |     1 |     2 |     2 |       |    10 |    29 ||    52
 Stab: Confused          |       |       |     2 |     4 |       |       |       |       |       ||     6
       Distracted        |       |       |       |       |       |       |       |       |     9 ||     9
       Invisible         |       |       |       |       |       |       |       |       |     1 ||     1
       Petrifying        |       |       |       |       |       |       |       |       |     1 ||     1
       Sleeping          |       |       |       |       |       |       |       |       |     1 ||     1
  Eat: Chunk             |     4 |     9 |    10 |    29 |    16 |     3 |     2 |       |    66 ||   139
       Royal jelly       |       |       |       |       |     1 |     3 |       |       |    15 ||    19
       Pizza             |       |       |       |       |     7 |       |     2 |     1 |     3 ||    13
       Fruit             |       |       |       |       |     1 |     1 |       |    22 |    19 ||    43
       Beef jerky        |       |       |       |       |       |     6 |    13 |       |     2 ||    21
       Bread ration      |       |       |       |       |       |       |       |       |     6 ||     6
       Meat ration       |       |       |       |       |       |       |       |       |     4 ||     4
Armor: Scale mail        |   336 |   433 |   134 |    24 |       |   182 |       |       |       ||  1109
       Skin              |       |     6 |     8 |       |       |       |       |       |       ||    14
       Plate armour      |       |       |       |   333 |   424 |   155 |   597 |   595 |  2175 ||  4279
Dodge: Dodged            |   195 |   252 |    98 |   191 |   766 |   923 |  1866 |  1656 |  4406 || 10353
       Deflected         |       |       |       |       |       |    15 |    17 |    21 |   117 ||   170
Block: Shield            |   297 |   417 |   181 |   461 |  1354 |  1282 |  2489 |  2139 |       ||  8620
       Large shield      |       |       |       |       |       |       |       |   222 | 11232 || 11454
